 Dungeon Crawl Stone Soup version 0.25.1-2-g60ff931df9 (webtiles) character file.

Game seed: 17086178828537830069

47 axecop the Shooter (level 3, -2/29 HPs)
             Began as a Centaur Hunter on Oct 7, 2020.
             Killed by nerve-wracking pain
             ... invoked by an orc priest
              (8 damage)
             ... on level 3 of the Dungeon.
             The game lasted 00:02:16 (2223 turns).

axecop the Shooter (Centaur Hunter)                 Turns: 2223, Time: 00:02:17

Health: -2/29      AC:  4    Str: 15    XL:     3   Next: 48%
Magic:  3/3        EV:  9    Int: 10    God:
Gold:   60         SH:  0    Dex:  9    Spells: 2/2 levels left

rFire    . . .     SeeInvis .   g - -2 mace (curse)
rCold    . . .     Gourm    .   (no shield)
rNeg     . . .     Faith    .   c - +0 leather armour
rPois    .         Spirit   .   (no helmet)
rElec    .         Reflect  .   (no cloak)
rCorr    .         Harm     .   (no gloves)
MR       .....                  (no barding)
Stlth    +.........             (no amulet)
HPRegen  0.09/turn              (no ring)
MPRegen  0.08/turn              (no ring)

@: very quick
A: large, hooves 3, deformed body, speed 2, tough skin 3
a: no special abilities


You were on level 3 of the Dungeon.
You were not hungry.

You visited 1 branch of the dungeon, and saw 3 of its levels.

You collected 60 gold pieces.

Inventory:

Hand Weapons
 a - a +1 shortbow
 b - a +0 short sword
 g - a cursed -2 mace (weapon)
 n - a +3 long sword of holy wrath
Missiles
 d - an arrow
Armour
 c - a +0 leather armour (worn)
Scrolls
 e - a scroll of identify
 i - a scroll of enchant weapon
 o - a scroll of blinking {unknown}
Potions
 k - a potion of brilliance {unknown}
 m - a potion of curing
Comestibles
 f - 2 rations


   Skills:
 - Level 2.0 Fighting
 + Level 7.0 Bows
 - Level 1.3 Dodging
 - Level 0.4 Stealth


You had 2 spell levels left.
You didn't know any spells.
Your spell library was empty.

Dungeon Overview and Level Annotations

Branches:
Dungeon (3/15)

Altars:


Innate Abilities, Weirdness & Mutations

You have hooves in place of feet.
Armour fits poorly on your strangely shaped body.
You cover ground very quickly.
You have extremely tough skin. (AC +3)


Message History

As you read the scroll labeled WOMIUV NECWIM, it crumbles to dust.
The scroll dissolves into smoke.
It was a scroll of fog.
Unknown command.
As you read the scroll labeled BAETYOSALA, it crumbles to dust.
It is a scroll of identify.
i - a scroll of enchant weapon The orc priest closely misses you.
As you read the scroll labeled GASUGAMYPO, it crumbles to dust.
You hear a crunching sound.
It was a scroll of random uselessness.
The orc hits you with a +0 club.
* * * LOW HITPOINT WARNING * * *
The orc priest closely misses you.
Unknown command.
As you read the scroll labeled PAOVVUECAN, it crumbles to dust.
It is a scroll of amnesia.
You feel forgetful for a moment.
You feel sick.
You are no longer poisoned.
The orc priest invokes the aid of Beogh against you.
Pain shoots through your body!
You die...

≈≈ ### .♣ ##.##
####.##.#.#
##.#.#####........#
#.###o(((..##.....#
##.#.#######
....[.. ##§##
....... #####o###
##..##. #...§o@§#
#.# #.###§#§# ..
#.# #§#§### ## #.#
#.....# #.# ###.#.#
#.# #...#
#.#####...####
#............+
#####.....####


You could see an orc priest and an orc.

Vanquished Creatures
  2 worms (D:2)
  2 dart slugs (D:1)
  An orc (D:3)
  3 giant cockroaches (D:1)
  3 goblins (D:1)
  5 hobgoblins
  5 jackals
  A quokka (D:2)
  4 bats
  A frilled lizard (D:2)
  5 kobolds
  2 rats
34 creatures vanquished.

Vanquished Creatures (others)
  3 plants (D:3)
3 creatures vanquished.

Grand Total: 37 creatures vanquished

Notes
Turn   | Place    | Note
-------+----------+-------------------------------------------
     0 | D:1      | axecop the Centaur Hunter began the quest for the Orb.
     0 | D:1      | Reached XP level 1. HP: 17/17 MP: 1/1
   141 | D:1      | Reached XP level 2. HP: 13/24 MP: 2/2
   383 | D:1      | Reached skill level 6 in Bows
  1122 | D:1      | Reached XP level 3. HP: 24/29 MP: 3/3
  2194 | D:3      | Reached skill level 7 in Bows
  2223 | D:3      | Killed from afar by an orc priest

Illustrated notes

Levels and vault maps discovered:
D:1:      matt_arrival_los_fun, layout_basic, serial_bayou_lake_a
D:2:      layout_rooms, zin_statuary
D:3:      minmay_roachtagon, layout_loops_corners, first_ration, kennysheep_nub,
          serial_bayou_ford_a

Skill      XL: |  1  2  3 |
---------------+----------+-----
Bows           | 6 7 |  7.0
Fighting       | |  2.0
Dodging        | |  1.3
Stealth        | |  0.4

Action                   || total
-------------------------++-------
Melee: Short sword       ||    94
       Kick              ||    25
 Fire: Shortbow          ||    35
  Use: Scroll            ||     4
       Potion            ||     1
  Eat: Ration            ||     1
       Chunk             ||     1
Armor: Leather armour    ||    31
Dodge: Dodged            ||    47
